 Dungeon Crawl Stone Soup version 0.29.1-15-g9cfb28693d (webtiles) character file.

Game seed: 6463553374723514537

1388 manyhoops the Sneak (level 8, -19/78 HPs)
             Began as an Octopode Transmuter on Apr 9, 2023.
             Demolished by a two-headed ogre
             ... wielding a +0 giant spiked club
              (37 damage)
             ... on level 8 of the Dungeon.
             The game lasted 00:08:30 (6635 turns).

manyhoops the Sneak (Octopode Transmuter)           Turns: 6635, Time: 00:08:31

Health: -19/78     AC: 24    Str: 12    XL:     8   Next: 67%
Magic:  8/11       EV:  2    Int: 15    God:
Gold:   358        SH:  0    Dex: 12    Spells: 1/11 levels left

rFire   . . .      SeeInvis .     - Unarmed
rCold   + . .      Faith    .   h - orb {mayhem}
rNeg    . . .      Spirit   .   (helmet currently unavailable)
rPois   +          Reflect  .   e - amulet of the acrobat
rElec   .          Harm     .   x - ring of protection from cold
rCorr   .          Rampage  .   (no ring)
Will    .....      NoTele   +   (no ring)
Stlth   +++.......              (no ring)
HPRegen 0.23/turn               (no ring)
MPRegen 0.12/turn               (no ring)
                                (no ring)
                                (no ring)

@: tree-form, wereblooded
A: stationary, stasis, torment immunity, boosted hp, almost no armour,
(amphibious), 8 rings, (camouflage 1), (gelatinous body 1), (nimble swimmer 1),
(tentacles)
a: no special abilities


You were on level 8 of the Dungeon.
You were a tree.
You visited 1 branch of the dungeon, and saw 7 of its levels.

You collected 358 gold pieces.

Inventory:

Armour
 h - an orb of mayhem (worn)
 w - a +2 hat (melded)
Jewellery
 d - a ring of ice
 e - an amulet of the acrobat (around neck)
 r - a ring of flight
 t - an amulet of guardian spirit
 x - a ring of protection from cold (left branch)
Scrolls
 b - 2 scrolls of identify {unknown}
 c - a scroll of noise
 f - a scroll of butterflies {unknown}
 g - 2 scrolls of amnesia
 j - a scroll of teleportation {unknown}
 k - 2 scrolls of enchant armour
 n - a scroll of immolation {unknown}
 o - 2 scrolls of silence {unknown}
 q - 2 scrolls of poison {unknown}
 u - a scroll of vulnerability {unknown}
 v - a scroll of summoning {unknown}
Potions
 a - 2 potions of lignification
 i - a potion of magic {unknown}
 l - a potion of curing
 m - 2 potions of degeneration {unknown}
 s - a potion of flight {unknown}


   Skills:
 + Level 3.3 Fighting
 - Level 2.0 Dodging
 - Level 7.0 Stealth
 + Level 6.4 Unarmed Combat
 - Level 2.4 Spellcasting
 - Level 5.0 Transmutations
 - Level 1.4 Ice Magic
 - Level 3.3 Poison Magic


You had one spell level left.
You knew the following spells:

 Your Spells              Type           Power      Damage    Failure   Level
a - Beastly Appendage     Tmut           32%        N/A       2%          1
b - Wereblood             Tmut           16%        N/A       4%          2
c - Ice Form              Ice/Tmut       11%        N/A       50%         4
d - Spider Form           Tmut/Pois      14%        N/A       12%         3

Your spell library contained the following spells:

 Spells                   Type           Power      Damage    Failure   Level
 Apportation              Tloc           2%         N/A       22%         1
 Magic Dart               Conj           4%         1d3       22%         1
 Necrotise                Necr           4%         1d4       22%         1
 Summon Small Mammal      Summ           4%         N/A       22%         1
 Passwall                 Tmut/Erth      7%         N/A       12%         2
 Ensorcelled Hibernation  Hex/Ice        8%         N/A       24%         2
 Call Imp                 Summ           1%         N/A       32%         2
 Mephitic Cloud           Conj/Pois/Air  5%         N/A       38%         3
 Dazzling Flash           Conj/Hex       2%         N/A       54%         3
 Swiftness                Air            1%         N/A       54%         3
 Agony                    Necr           1%         N/A       99%         5
 Silence                  Hex/Air        0%         N/A       99%         5


Dungeon Overview and Level Annotations

Branches:
Dungeon (6/15)
 Temple: D:4-7

Altars:
Nemelex Xobeh
Qazlal
Xom

Annotations:
D:8 Grum


Innate Abilities, Weirdness & Mutations

You are a tree.
Your roots penetrate the ground, keeping you stationary.
You cannot be teleported.
You are immune to unholy pain and torment.
Your maximum health is greatly increased.
You cannot wear most types of armour.
((You are amphibious.))
You can wear up to eight rings at the same time.
((Your skin changes colour to match your surroundings (Stealth+).))
((Your rubbery body absorbs attacks. (AC +1, EV +1)))
((You are camouflaged when in or above water. (Stealth+)))
((You have tentacles for arms and can constrict up to eight enemies at once.))


Message History

You smack the two-headed ogre!
The two-headed ogre is moderately wounded.
The wolf bites you but does no damage.
The two-headed ogre closely misses the wolf. x2
The wolf bites you but does no damage.
Unknown command.
Unknown command.
You hit the two-headed ogre but do no damage.
The two-headed ogre is moderately wounded.
The orc hits the two-headed ogre with a +0 dagger.
The two-headed ogre hits the orc with a +0 giant spiked club!!
The orc dies!
The wolf bites you but does no damage.
Unknown command.
You smack the two-headed ogre!
The two-headed ogre is heavily wounded.
The wolf bites you.
The two-headed ogre hits you with a +0 giant spiked club.
The two-headed ogre hits you with a +0 giant club!!
Unknown command.
You hit the two-headed ogre.
The two-headed ogre is heavily wounded.
The wolf bites you but does no damage. x2
The two-headed ogre hits you with a +0 giant spiked club!
* * * LOW HITPOINT WARNING * * *
The two-headed ogre hits you but does no damage.
Unknown command.
You smack the two-headed ogre!
The two-headed ogre is severely wounded.
The wolf bites you but does no damage.
You are too injured to fight recklessly!
You feel much better. The wolf bites you but does no damage.
The two-headed ogre misses the wolf. x2; The wolf bites you but does no damage.
You hit the two-headed ogre but do no damage.
The two-headed ogre is severely wounded.
You creak as the wereblood boils in your veins!
The two-headed ogre hits you with a +0 giant spiked club!!
* * * LOW HITPOINT WARNING * * *
The two-headed ogre hits you with a +0 giant club!!!
You die...

. ##.#
♣≈..≈≈§..≈♣
F$..##..##
♣≈.≈...≈.≈♣
..........#
♣≈.≈._.≈.§♣
.....####.#
♣≈.≈...≈.≈♣ ....
....# ♣≈..≈≈≈..≈♣
...
#..###♣.≈≈≈≈≈≈≈.♣
..
#.....♣...§§....♣
#
#.#O.♣♣♣♣♣♣♣♣♣.#
#.♣h)## .#
####.!# ##....#
#.......#
.........
.........
...O......
..........
#hg........


You could see a wolf and a neutral two-headed ogre (fast, strong, insane).

Vanquished Creatures
  Menkaure (D:5)
  A water moccasin (D:5)
  A black bear (D:3)
  A wolf (D:8)
  5 scorpions
  5 wights (D:5)
  A jelly (D:5)
  3 hounds
  4 orc priests
  2 iguanas (D:4)
  An orc wizard (D:5)
  3 adders
  A worm (D:2)
  4 dart slugs
  15 orcs
  10 endoplasms
  4 giant cockroaches
  5 goblins
  3 hobgoblins
  4 jackals (D:1)
  6 kobolds
  2 quokkas
  5 ball pythons
  4 bats
  6 rats
97 creatures vanquished.

Vanquished Creatures (collateral kills)
  2 orcs
  A ball python (D:4)
3 creatures vanquished.

Grand Total: 100 creatures vanquished

Notes
Turn   | Place    | Note
-------+----------+-------------------------------------------
     0 | D:1      | manyhoops the Octopode Transmuter began the quest for the
                  | Orb.
     0 | D:1      | Reached XP level 1. HP: 13/13 MP: 3/3
    90 | D:1      | Reached skill level 1 in Stealth
    97 | D:1      | Reached skill level 2 in Stealth
   100 | D:1      | Reached XP level 2. HP: 12/18 MP: 5/5
   295 | D:1      | Reached skill level 3 in Stealth
  1013 | D:1      | Reached XP level 3. HP: 20/23 MP: 4/6
  1658 | D:2      | Learned a level 2 spell: Wereblood
  2242 | D:3      | Found a faded altar of an unknown god.
  2265 | D:3      | Noticed a black bear
  2276 | D:3      | Killed a black bear
  2277 | D:3      | Reached XP level 4. HP: 30/30 MP: 7/7
  2277 | D:3      | Reached XP level 5. HP: 35/35 MP: 8/8
  2474 | D:3      | Found a stormy altar of Qazlal.
  2825 | D:3      | Found a sparkling altar of Nemelex Xobeh.
  2895 | D:4      | Reached skill level 5 in Unarmed Combat
  3077 | D:4      | Learned a level 4 spell: Ice Form
  3127 | D:4      | Reached XP level 6. HP: 31/41 MP: 9/9
  3945 | D:4      | Reached skill level 4 in Stealth
  3945 | D:4      | Reached XP level 7. HP: 42/46 MP: 8/10
  3972 | D:4      | Reached skill level 5 in Stealth
  4377 | D:5      | Entered Level 5 of the Dungeon
  4377 | D:5      | Noticed Menkaure
  4418 | D:5      | Reached skill level 6 in Stealth
  4427 | D:5      | Reached skill level 7 in Stealth
  4679 | D:4      | Learned a level 3 spell: Spider Form
  4693 | D:5      | Killed Menkaure
  5009 | D:5      | Reached XP level 8. HP: 40/52 MP: 9/11
  6031 | D:5      | Reached skill level 5 in Transmutations
  6083 | D:5      | Reached skill level 1 in Ice Magic
  6574 | D:6      | You fall into a shaft and drop 2 floors!
  6589 | D:8      | Found a shimmering altar of Xom.
  6614 | D:8      | Noticed a two-headed ogre
  6614 | D:8      | Noticed Grum
  6635 | D:8      | Demolished by a two-headed ogre

Illustrated notes

Levels and vault maps discovered:
D:1:      lemuel_arrival_muddy, layout_loops_ring, roderic_serpentine_path,
          minmay_octomino_e4
D:2:      layout_basic, item_on_display_a
D:3:      layout_loops_ring, lemuel_doored_altar, marbit_many_paths,
          chequers_ecumenical_altar_island
D:4:      layout_cave_pools, grunt_ministairs_8
D:5:      layout_rooms, kennysheep_minor_cross, minmay_misc_feat_hallway,
          uniq_menkaure
D:6:      minmay_cornered_nines, layout_basic,
          minmay_temple_entry_statues_pillars, nicolae_specific_store,
          minivault_10, kennysheep_cross_room
D:8:      layout_rooms, mainiacjoe_overflow_paths, kennysheep_little_box,
          uniq_grum

Skill      XL: |  1  2  3  4  5  6  7  8 |
---------------+-------------------------+-----
Stealth        | 2 3 4 7 |  7.0
Fighting       | 2 3 |  3.3
Unarmed Combat | 4 5 6 |  6.4
Poison Magic   | 3 |  3.3
Transmutations | 5 |  5.0
Ice Magic      | 1 |  1.4
Dodging        | |  2.0
Spellcasting   | |  2.4

Action                   |  1- 3 |  4- 6 |  7- 9 || total
-------------------------+-------+-------+-------++-------
Melee: Unarmed           |    73 |    61 |   121 ||   255
       Constrict         |    21 |    14 |     9 ||    44
       Kick              |    17 |    22 |    13 ||    52
       Tentacles         |     7 |    11 |    10 ||    28
       Punch             |     1 |     3 |     7 ||    11
 Cast: Beastly Appendage |    24 |    18 |     8 ||    50
       Wereblood         |       |     4 |     5 ||     9
       Spider Form       |       |       |    10 ||    10
  Use: Scroll            |     2 |     1 |     2 ||     5
       Potion            |     1 |     2 |     5 ||     8
 Stab: Sleeping          |    13 |     5 |     1 ||    19
Armor: Skin              |    24 |     2 |    19 ||    45
Dodge: Dodged            |    37 |    44 |    90 ||   171
